 Dungeon Crawl Stone Soup version 0.24.1-8-ga250c9d538 (webtiles) character file.

Game seed: 14046517447011845049, levelgen mode: deterministic

90 Gwenloh the Grasshopper (level 4, -3/29 HPs)
             Began as a Halfling Warper on May 8, 2020.
             Slain by an ogre
             ... wielding a +0 giant club
              (21 damage)
             ... on level 2 of the Dungeon.
             The game lasted 00:10:06 (2390 turns).

Gwenloh the Grasshopper (Halfling Warper)           Turns: 2390, Time: 00:10:06

Health: -3/29      AC:  4    Str: 12    XL:     4   Next: 85%
Magic:  4/6        EV: 15    Int: 12    God:
Gold:   43         SH:  0    Dex: 13    Spells: 2/6 levels left

rFire    . . .     SeeInvis .   a - +0 short sword
rCold    . . .     Gourm    .   (shield restricted)
rNeg     . . .     Faith    .   j - +0 leather armour
rPois    .         Spirit   .   (no helmet)
rElec    .         Reflect  .   (no cloak)
rCorr    .         Harm     .   g - +0 pair of gloves
MR       .....                  (no boots)
Stlth    +.........             (no amulet)
HPRegen  0.09/turn              (no ring)
MPRegen  0.10/turn              (no ring)

@: no status effects
A: small, mutation resistance 1
a: no special abilities


You were on level 2 of the Dungeon.
You were not hungry.

You visited 1 branch of the dungeon, and saw 2 of its levels.

You collected 43 gold pieces.

Inventory:

Hand Weapons
 a - a +0 short sword (weapon)
 b - a +0 hunting sling
 e - a +1 dagger of draining
Missiles
 m - 4 boomerangs (quivered)
 o - 12 stones
Armour
 g - a +0 pair of gloves (worn)
 j - a +0 leather armour (worn)
Jewellery
 p - an uncursed ring of protection from magic {unknown}
Scrolls
 d - a scroll of blinking
 i - a scroll of identify {unknown}
 n - a scroll of fog {unknown}
Potions
 c - 2 potions of curing
 h - a potion of flight {unknown}
 k - a potion of mutation {unknown}
 q - a potion of heal wounds {unknown}
Comestibles
 f - 5 rations


   Skills:
 + Level 2.1 Fighting
 * Level 3.1 Short Blades
 * Level 1.3(1.7) Slings
 - Level 1.0(1.1) Throwing
 + Level 2.1 Armour
 + Level 2.8 Dodging
 + Level 1.9 Spellcasting
 + Level 0.6 Charms
 + Level 3.6 Translocations


You had 2 spell levels left.
You knew the following spells:

 Your Spells              Type           Power        Failure   Level  Hunger
a - Blink                 Tloc           N/A          12%         2    ###....
b - Shroud of Golubria    Chrm/Tloc      #.....       22%         2    ###....

Your spell library contained the following spells:

 Spells                   Type           Power        Failure   Level  Hunger
 Gell's Gravitas          Tloc           ##........   22%         3    ####...
 Lesser Beckoning         Tloc           ##........   22%         3    ####...
 Teleport Other           Tloc           ##......     22%         3    ####...
 Passage of Golubria      Tloc           N/A          58%         4    #####..


Dungeon Overview and Level Annotations

Branches:
Dungeon (2/15)

Altars:
Elyvilon


Innate Abilities, Weirdness & Mutations

You are small and have problems with some larger weapons.
You are somewhat resistant to further mutation.


Message History

You barely miss the ogre.
The ogre is lightly wounded.
The ogre barely misses you.
You barely miss the ogre.
The ogre is lightly wounded.
The ogre misses you.
You hit the ogre.
The ogre is moderately wounded.
You hit the ogre.
The ogre is heavily wounded.
The ogre barely misses you.
You hit the ogre.
The ogre is heavily wounded.
The ogre hits you with a +0 giant club!
Your shroud falls apart!
You hit the ogre.
The ogre is severely wounded.
The ogre hits you with a +0 giant club!!
Ouch! That really hurt!
You die...

#.# #.###...##.#
#.####
#..>..#.)..#
#....#
###.########
####.# #.# #.# #.#
#.# #.# #.# #(#
#.# #O# #.# #@#
#.# #.#
#########.######.#
.................#
##################


You could see an ogre.

Vanquished Creatures
  2 adders (D:2)
  2 worms (D:2)
  4 dart slugs
  2 leopard geckos
  3 giant cockroaches
  5 goblins
  6 hobgoblins
  10 jackals
  A quokka (D:2)
  A ball python (D:1)
  6 bats
  4 frilled lizards
  3 kobolds (D:2)
  5 rats
54 creatures vanquished.

Notes
Turn   | Place    | Note
-------+----------+-------------------------------------------
     0 | D:1      | Gwenloh the Halfling Warper began the quest for the Orb.
     0 | D:1      | Reached XP level 1. HP: 14/14 MP: 3/3
    57 | D:1      | Reached XP level 2. HP: 18/19 MP: 4/4
   215 | D:1      | Learned a level 2 spell: Blink
   218 | D:1      | Learned a level 2 spell: Shroud of Golubria
   586 | D:1      | Reached XP level 3. HP: 24/24 MP: 5/5
  1231 | D:2      | Reached XP level 4. HP: 29/29 MP: 6/6
  1572 | D:2      | Reached skill level 1 in Slings
  1603 | D:2      | Noticed an ogre
  2359 | D:2      | Found a white marble altar of Elyvilon.
  2390 | D:2      | Slain by an ogre

Levels and vault maps discovered:
D:1:      minmay_arrival_stone_box, layout_loops_cross
D:2:      layout_loops_ring, marbit_many_paths, lemuel_round_altar

Skill      XL: |  1  2  3  4 |
---------------+-------------+-----
Fighting       | 2 |  2.1
Armour         | 2 |  2.1
Slings         | 1 |  1.3
Short Blades   | 3 |  3.1
Throwing       | |  1.0
Dodging        | |  2.8
Spellcasting   | |  1.9
Charms         | |  0.6
Translocations | |  3.6

Action                   |  1- 3 |  4- 6 || total
-------------------------+-------+-------++-------
Melee: Short sword       |   133 |    74 ||   207
 Fire: Hunting sling     |     6 |    46 ||    52
Throw: Boomerang         |    20 |       ||    20
 Cast: Shroud of Golubri |     2 |     5 ||     7
       Blink             |       |     2 ||     2
  Use: Potion            |       |     1 ||     1
  Eat: Chunk             |     1 |     5 ||     6
Armor: Leather armour    |    21 |    13 ||    34
Dodge: Dodged            |    92 |    53 ||   145
